 Dungeon Crawl Stone Soup version 0.29-a0-819-g94b489e0ae (webtiles) character file.

Game seed: 13510820866024763794

157 vineage the Trooper (level 5, -1/37 HPs)
             Began as a Gargoyle Fighter on July 6, 2022.
             Slain by Crazy Yiuf
             ... wielding a +4 quarterstaff of chaos
              (4 damage)
             ... on level 3 of the Dungeon.
             The game lasted 00:02:21 (3720 turns).

vineage the Trooper (Gargoyle Fighter)              Turns: 3720, Time: 00:02:22

Health: -1/37      AC: 10    Str: 22    XL:     5   Next: 38%
Magic:  4/5        EV:  9    Int:  8    God:
Gold:   177        SH:  4    Dex:  9    Spells: 4/4 levels left

rFire   . . .      SeeInvis .   m - +1 falchion (holy)
rCold   . . .      Faith    .   c - +0 buckler
rNeg    + . .      Spirit   .   t - +0 scale mail
rPois   ∞          Reflect  .   (no helmet)
rElec   +          Harm     .   (no cloak)
rCorr   .          Rampage  .   (no gloves)
Will    .....                   (no boots)
Stlth   ..........              (no amulet)
HPRegen 0.12/turn               (no ring)
MPRegen 0.09/turn               (no ring)

@: mighty, invisible
A: sickness immunity, AC +4, negative energy resistance 1, electricity
resistance, torment resistance 1, petrification resistance
a: no special abilities


You were on level 3 of the Dungeon.
You visited 1 branch of the dungeon, and saw 3 of its levels.

You collected 177 gold pieces.

Inventory:

Hand Weapons
 a - a +0 flail
 m - a +1 falchion of holy wrath (weapon)
Armour
 b - a +0 scale mail
 c - a +0 buckler (worn)
 t - a +0 scale mail (worn)
Jewellery
 e - a ring of ice
Wands
 h - a wand of flame (25)
Scrolls
 k - a scroll of identify
 l - a scroll of teleportation
 q - a scroll of amnesia
Potions
 f - 3 potions of curing
 g - a potion of attraction {unknown}
 i - a potion of heal wounds {unknown}
 j - 3 potions of mutation
 n - a potion of flight {unknown}
 o - a potion of magic {unknown}
 p - a potion of degeneration {unknown}
 s - 2 potions of ambrosia


   Skills:
 * Level 6.5 Fighting
 - Level 2.0 Maces & Flails
 - Level 3.2 Armour
 - Level 3.2 Shields


You had 4 spell levels left.
You didn't know any spells.
Your spell library contained the following spells:

 Spells                   Type           Power      Damage    Failure   Level
 Dazzling Flash           Conj/Hex       0%         N/A       99%         3
 Agony                    Necr           0%         N/A       100%        5
 Silence                  Hex/Air        0%         N/A       100%        5


Dungeon Overview and Level Annotations

Branches:
Dungeon (3/15)

Altars:

Annotations:
D:3 Crazy Yiuf


Innate Abilities, Weirdness & Mutations

You are immune to sickness and miasma.
Your stone body is resilient. (AC +4)
You are immune to poison.
You resist negative energy. (rN+)
You are resistant to electric shocks. (rElec)
You are resistant to unholy torment.
You are immune to petrification.


Message History

Crazy Yiuf hits you with a +4 quarterstaff of chaos!
You feel very mighty all of a sudden.
You hit Crazy Yiuf.
Crazy Yiuf is lightly wounded.
Crazy Yiuf hits you but does no damage.
Crazy Yiuf says, "Ice!"
Crazy Yiuf hits you with a +4 quarterstaff of chaos!
Crazy Yiuf freezes you.
You hit Crazy Yiuf.
Crazy Yiuf is lightly wounded.
Crazy Yiuf laughs, "Gnoll!
Gum mumblescurry seventy."
Crazy Yiuf hits you with a +4 quarterstaff of chaos!
You hit Crazy Yiuf.
Crazy Yiuf is moderately wounded.
Crazy Yiuf completely misses you.
You hit Crazy Yiuf.
Crazy Yiuf is heavily wounded.
Crazy Yiuf hits you with a +4 quarterstaff of chaos.
* * * LOW HITPOINT WARNING * * *
You feel your power leaking away.
Crazy Yiuf cries, "You leg down broken song, no?"
Crazy Yiuf hits you with a +4 quarterstaff of chaos.
* * * LOW HITPOINT WARNING * * *
Crazy Yiuf burns you.
* * * LOW HITPOINT WARNING * * *
You feel mightier all of a sudden. Crazy Yiuf hits you but does no damage.
You hit Crazy Yiuf.
Crazy Yiuf is heavily wounded.
Crazy Yiuf hits you with a +4 quarterstaff of chaos.
* * * LOW HITPOINT WARNING * * *
You hit Crazy Yiuf.
Crazy Yiuf is heavily wounded.
Crazy Yiuf hits you but does no damage.
You fade into invisibility!
You catch the helpless Crazy Yiuf completely off-guard!
You hit Crazy Yiuf.
Crazy Yiuf is severely wounded.
Crazy Yiuf hits you with a +4 quarterstaff of chaos.
You die...

....#.# #..# ....#.###
#<## ....#...# #.#
....###.# ### ....#
#.# ##### #.# #.####
**### #######.+..##
###..)#
............####@g...#
....##.......#..##...#
........+...#.###**###
........#######
........# ......###
.......## ........#
........#


You could see Crazy Yiuf (unable to see you).

Vanquished Creatures
  Ijyb (D:2)
  An orc wizard (D:3)
  4 adders
  2 worms
  3 orcs (D:3)
  2 bats
  6 endoplasms
  2 giant cockroaches (D:1)
  3 goblins
  8 hobgoblins
  7 jackals
  3 ball pythons
  7 frilled lizards
  8 kobolds
  4 rats
61 creatures vanquished.

Notes
Turn   | Place    | Note
-------+----------+-------------------------------------------
     0 | D:1      | vineage the Gargoyle Fighter began the quest for the Orb.
     0 | D:1      | Reached XP level 1. HP: 14/14 MP: 1/1
    49 | D:1      | Reached XP level 2. HP: 20/20 MP: 2/2
    53 | D:1      | Reached skill level 4 in Fighting
   467 | D:1      | Found a faded altar of an unknown god.
  1114 | D:2      | Reached XP level 3. HP: 22/24 MP: 3/3
  1732 | D:2      | Reached skill level 5 in Fighting
  2498 | D:3      | Reached XP level 4. HP: 24/31 MP: 4/4
  2635 | D:3      | Noticed Ijyb
  2662 | D:2      | Killed Ijyb
  3062 | D:3      | Reached skill level 6 in Fighting
  3062 | D:3      | Reached XP level 5. HP: 32/36 MP: 5/5
  3625 | D:3      | Found a runed translucent door.
  3626 | D:3      | Noticed Crazy Yiuf
  3720 | D:3      | Slain by Crazy Yiuf

Illustrated notes

Levels and vault maps discovered:
D:1:      wander_arrival_peaceful_grave, layout_basic,
          ebering_ecumenical_altar_abandoned
D:2:      layout_basic, minmay_split_cup_large
D:3:      layout_rooms, minmay_vboxes, uniq_crazy_yiuf_cottage, uniq_ijyb

Skill      XL: |  1  2  3  4 |
---------------+-------------+-----
Fighting       | 4 5 6 |  6.5
Maces & Flails | |  2.0
Armour         | |  3.2
Shields        | |  3.2

Action                   |  1- 3 |  4- 6 || total
-------------------------+-------+-------++-------
Melee: Flail             |   133 |    56 ||   189
       Falchion          |       |    23 ||    23
  Use: Scroll            |     6 |     3 ||     9
       Potion            |       |     1 ||     1
 Stab: Invisible         |       |     1 ||     1
Armor: Scale mail        |    88 |    63 ||   151
Dodge: Dodged            |    74 |    54 ||   128
Block: Buckler           |    29 |    19 ||    48

Table legend: (Time is in decaauts)
 A = Elapsed time spent in this place.
 B = Non-inter-level travel time spent in this place.
 C = Inter-level travel time spent in this place.
 D = Time resting spent in this place.
 E = Time spent auto-exploring this place.
 F = Levels seen in this place.
 G = Mean time per level.
                   A        B        C        D        E       F      G
               +--------+--------+--------+--------+--------+-----+--------+
         Total |   3792 |   3666 |    126 |    490 |   2697 |   3 | 1264.0 |
       Dungeon |   3792 |   3666 |    126 |    490 |   2697 |   3 | 1264.0 |
               +--------+--------+--------+--------+--------+-----+--------+

Top non-repeatable levels by time:
     D:2: 1947 daAuts
     D:1: 1121 daAuts
     D:3: 723 daAuts
